 Dungeon Crawl Stone Soup version 0.30-a0-540-g0af01429fa (webtiles) character file.

Game seed: 3799594709295737660

51 HoaS the Shooter (level 3, -1/21 HPs)
             Began as a Tengu Hunter on Dec 25, 2022.
             Slain by Ijyb
             ... wielding a +0 dagger
              (3 damage)
             ... on level 3 of the Dungeon.
             The game lasted 00:02:25 (1826 turns).

HoaS the Shooter (Tengu Hunter)                     Turns: 1826, Time: 00:02:25

Health: -1/21      AC:  4    Str: 11    XL:     3   Next: 83%
Magic:  4/4        EV:  9    Int:  9    God:
Gold:   94         SH:  0    Dex: 19    Spells: 2/2 levels left

rFire   . . .      SeeInvis .    a - +1 shortbow
rCold   . . .      Faith    .    (shield currently unavailable)
rNeg    . . .      Spirit   .    c - +1 leather armour
rPois   .          Reflect  .    (helmet restricted)
rElec   .          Harm     .    (no cloak)
rCorr   .          Rampage  .    (no gloves)
Will    .....                    (boots unavailable)
Stlth   ++                       (no amulet)
HPRegen 0.23/turn                (no ring)
MPRegen 0.09/turn                (no ring)

@: grasped by roots, constricted
A: beak, talons 3
a: no special abilities


You were on level 3 of the Dungeon.
You visited 1 branch of the dungeon, and saw 3 of its levels.

You collected 94 gold pieces.

Inventory:

Hand Weapons
 a - a +1 shortbow (weapon)
Armour
 c - a +1 leather armour (worn)
Scrolls
 b - a scroll of immolation
 d - a scroll of teleportation
Potions
 f - 2 potions of curing
 h - a potion of brilliance {unknown}
 i - a potion of heal wounds {unknown}
 j - a potion of might {unknown}
 k - a potion of attraction {unknown}


   Skills:
 - Level 2.0 Fighting
 + Level 5.9 Ranged Weapons
 - Level 2.1 Dodging
 - Level 1.0 Stealth


You had 2 spell levels left.
You didn't know any spells.
Your spell library was empty.

Dungeon Overview and Level Annotations

Branches:
Dungeon (3/15)

Altars:

Shops:
D:1 :

Annotations:
D:3 Ijyb


Innate Abilities, Weirdness & Mutations

You have a beak for a mouth.
You have claws for feet.


Message History

Done exploring.
Done exploring.
(D) Dungeon
Where to? (Enter - D:2, ? - help)
There is a stone staircase leading down here.
You climb downwards.
There is a stone staircase leading up here.
Ijyb is nearby!
You shoot an arrow. The arrow hits Ijyb!
Ijyb shouts!
Ijyb is moderately wounded.
You shoot an arrow. The arrow barely misses Ijyb.
You shoot an arrow. The arrow hits Ijyb!
Ijyb is severely wounded.
A bat comes into view.
Ijyb zaps a wand.
The roots erupt in riotous growth!
The grasping roots grab you! The grasping roots constrict you.
You shoot an arrow. The arrow hits Ijyb.
Ijyb is almost dead.
The grasping roots constrict you.
The grasping roots release their grip on you.
You shoot an arrow. The arrow hits Ijyb but does no damage.
Ijyb is almost dead.
Ijyb closely misses you.
Ijyb zaps a wand.
The roots erupt in riotous growth!
The grasping roots grab you!
Ijyb is unaffected.
The grasping roots constrict you.
You shoot an arrow. The arrow barely misses Ijyb.
The arrow barely misses the bat.
Ijyb hits you but does no damage. The grasping roots constrict you.
You are too injured to fight recklessly!
You shoot an arrow. The arrow barely misses Ijyb.
The arrow barely misses the bat.
Ijyb hits you with a +0 dagger.
* * * LOW HITPOINT WARNING * * *
The grasping roots constrict you.
* * * LOW HITPOINT WARNING * * *
You shoot an arrow. The arrow hits Ijyb.
Ijyb is almost dead.
Ijyb hits you with a +0 dagger.
You die...

###
#..
#.#
#.#
#.#
#@#
#g#
#b#
#.#
#..
#.#
#.#
#.#


You could see Ijyb and a bat.

Vanquished Creatures
  An adder (D:2)
  A worm (D:2)
  A dart slug (D:2)
  2 bats (D:1)
  2 endoplasms (D:2)
  2 giant cockroaches (D:1)
  4 goblins
  A hobgoblin (D:2)
  4 jackals (D:2)
  4 quokkas
  3 ball pythons
  2 frilled lizards
  5 kobolds
  2 rats
34 creatures vanquished.

Notes
Turn   | Place    | Note
-------+----------+-------------------------------------------
     0 | D:1      | HoaS the Tengu Hunter began the quest for the Orb.
     0 | D:1      | Reached XP level 1. HP: 12/12 MP: 2/2
   115 | D:1      | Found Xuujolic's Book Boutique.
   296 | D:1      | Reached XP level 2. HP: 17/17 MP: 3/3
   388 | D:1      | Reached skill level 5 in Ranged Weapons
  1033 | D:2      | Reached XP level 3. HP: 16/21 MP: 4/4
  1818 | D:3      | Noticed Ijyb
  1825 | D:3      | HP: 1/21 [constriction (3)]
  1826 | D:3      | Slain by Ijyb

Illustrated notes

Levels and vault maps discovered:
D:1:      lightli_arrival_maybe_door_vault, layout_loops_corners, serial_shops,
          nicolae_square_shop
D:2:      layout_loops_corners, kennysheep_generic_room_12
D:3:      layout_basic, doesnt_xom_only_xom, elyvilon_altar_3,
          mainiacjoe_overflow_big_doors, uniq_ijyb, uniq_sigmund, uniq_grinder

Skill      XL: |  1  2 |
---------------+-------+-----
Ranged Weapons | 5 |  5.9
Fighting       | |  2.0
Dodging        | |  2.1
Stealth        | |  1.0

Action                   || total
-------------------------++-------
 Fire: Shortbow          ||    91
  Use: Scroll            ||     8
Armor: Leather armour    ||     7
Dodge: Dodged            ||    15

Table legend: (Time is in decaauts)
 A = Elapsed time spent in this place.
 B = Non-inter-level travel time spent in this place.
 C = Inter-level travel time spent in this place.
 D = Time resting spent in this place.
 E = Time spent auto-exploring this place.
 F = Levels seen in this place.
 G = Mean time per level.
                   A        B        C        D        E       F      G
               +--------+--------+--------+--------+--------+-----+--------+
         Total |   1851 |   1789 |     62 |    118 |   1478 |   3 |  617.0 |
       Dungeon |   1851 |   1789 |     62 |    118 |   1478 |   3 |  617.0 |
               +--------+--------+--------+--------+--------+-----+--------+

Top non-repeatable levels by time:
     D:2: 1040 daAuts
     D:1: 801 daAuts
     D:3: 9 daAuts
